 Dungeon Crawl Stone Soup version 0.29.1-2-gbd0b4ee654 (webtiles) character file.

Game seed: 14233138500280909672

40480 Mohgwyn the Impaler (level 13, -15/190 HPs)
             Began as a Minotaur Fighter on Nov 3, 2022.
             Was an Elder of Okawaru.
             Demolished by a tyrant leech (23 damage)
             ... on level 1 of the Swamp.
             The game lasted 01:22:34 (15289 turns).

Mohgwyn the Impaler (Minotaur Fighter)             Turns: 15289, Time: 01:22:35

Health: -15/190    AC: 26    Str: 31    XL:     13   Next: 74%
Magic:  12/12      EV:  2    Int: 11    God:    Okawaru [****..]
Gold:   881        SH:  4    Dex: 11    Spells: 12/12 levels left

rFire   . . .      SeeInvis .   a - +0 trident
rCold   + + .      Faith    .   U - +0 buckler {rC+}
rNeg    . . .      Spirit   .   (body armour currently unavailable)
rPois   +          Reflect  .   (helmet currently unavailable)
rElec   .          Harm     .   (cloak currently unavailable)
rCorr   +          Rampage  .   (gloves currently unavailable)
Will    .....      NoTele   +   (boots currently unavailable)
Stlth   +.........              K - amulet of Vitality {RegenMP++ Regen++}
HPRegen 2.01/turn               S - ring "Lufyhegg" {rPois rC+ rCorr Int+6}
MPRegen 0.93/turn               L - +6 ring of strength

@: tree-form, studying Fighting
A: stationary, stasis, torment immunity, boosted hp, (horns 2), (retaliatory
headbutt)
a: Renounce Religion, Heroism, Finesse


You were on level 1 of the Swamp.
You worshipped Okawaru.
Okawaru was greatly pleased with you.
You were a tree.
You visited 4 branches of the dungeon, and saw 16 of its levels.
You also visited: Ice Cave.

You collected 881 gold pieces.

Inventory:

Hand Weapons
 a - a +0 trident (weapon)
 l - a +0 vorpal spear
 Y - a +3 halberd of freezing
Missiles
 n - 8 javelins (quivered)
 V - 7 curare-tipped darts
Armour
 j - a +2 leather armour of resistance (melded)
 B - a +0 pair of boots (melded)
 U - a +0 buckler of cold resistance (worn)
Magical Staves
 X - a staff of death
Jewellery
 f - a +6 ring of dexterity
 g - a ring of flight
 y - a ring of resist corrosion
 z - a +4 ring of evasion
 A - a ring of protection from fire
 H - a +4 ring of protection
 J - the ring "Hocov" {Will- MP-9 Int+7 SInv}
   (You found it on level 7 of the Dungeon)

   [ring of see invisible]

   Int:       It affects your intelligence (+7).
   MP:        It affects your magic capacity (-9).
   SInv:      It lets you see invisible.
   Will:      It decreases your willpower.
 K - the amulet of Vitality (around neck) {RegenMP++ Regen++}
   (You took it off a deep elf pyromancer on level 7 of the Dungeon)

   [amulet of magic regeneration]

   It increases your rate of magic regeneration.
   Regen:     It increases your rate of health regeneration.
 L - a +6 ring of strength (right branch)
 S - the ring "Lufyhegg" (left branch) {rPois rC+ rCorr Int+6}
   (You found it on level 10 of the Dungeon)

   [ring of intelligence]

   Int:       It affects your intelligence (+6).
   rC:        It protects you from cold.
   rPois:     It protects you from poison.
   rCorr:     It protects you from acid and corrosion.
 T - a ring of ice
Wands
 k - a wand of quicksilver (4)
Scrolls
 c - a scroll of amnesia {unknown}
 e - a scroll of brand weapon {unknown}
 h - 2 scrolls of enchant weapon {unknown}
 m - 2 scrolls of torment {unknown}
 o - 9 scrolls of teleportation
 p - a scroll of fear {unknown}
 q - a scroll of butterflies {unknown}
 F - a scroll of magic mapping {unknown}
 G - 2 scrolls of poison {unknown}
 N - a scroll of acquirement {unknown}
 P - a scroll of noise {unknown}
 Q - 2 scrolls of vulnerability {unknown}
 W - a scroll of identify
Potions
 b - 3 potions of attraction
 d - 2 potions of might
 i - a potion of haste
 r - 4 potions of cancellation
 s - a potion of mutation {unknown}
 t - a potion of berserk rage {unknown}
 u - 2 potions of lignification
 w - 2 potions of ambrosia {unknown}
 x - 2 potions of degeneration {unknown}
 C - a potion of flight {unknown}
 D - 3 potions of magic {unknown}
 E - 3 potions of resistance {unknown}
 O - 3 potions of heal wounds {unknown}
Miscellaneous
 I - a tin of tremorstones (2/2)


   Skills:
 + Level 15.6 Fighting
 + Level 18.6 Polearms
 + Level 15.5 Armour
 - Level 4.0 Shields


You had 12 spell levels left.
You didn't know any spells.
Your spell library contained the following spells:

 Spells                   Type           Power      Damage    Failure   Level
 Beastly Appendage        Tmut           0%         N/A       41%         1
 Magic Dart               Conj           0%         1d3       41%         1
 Ensorcelled Hibernation  Hex/Ice        0%         N/A       56%         2
 Passwall                 Tmut/Erth      0%         N/A       56%         2
 Static Discharge         Conj/Air       0%         3-3/arc   56%         2
 Wereblood                Tmut           0%         N/A       56%         2
 Frozen Ramparts          Ice            0%         1d1       80%         3
 Gell's Gravitas          Tloc           0%         N/A       80%         3
 Mephitic Cloud           Conj/Pois/Air  0%         N/A       80%         3
 Ozocubu's Armour         Ice            0%         N/A       80%         3
 Spider Form              Tmut/Pois      0%         N/A       80%         3
 Swiftness                Air            0%         N/A       80%         3
 Teleport Other           Tloc           0%         N/A       80%         3
 Anguish                  Hex/Necr       0%         N/A       99%         4
 Dispel Undead            Necr           0%         3d6       99%         4
 Fulminant Prism          Conj/Hex       0%         3d6       99%         4
 Ice Form                 Ice/Tmut       0%         N/A       99%         4
 Iskenderun's Mystic Bla  Conj/Tloc      0%         2d3       99%         4
 Sticky Flame             Conj/Fire      0%         2d3       99%         4
 Lee's Rapid Deconstruct  Erth           0%         3d5*      100%        5
 Dispersal                Tloc           0%         N/A       100%        6
 Enfeeble                 Hex            0%         N/A       100%        7
 Ozocubu's Refrigeration  Ice            0%         4d7       100%        7
 Summon Small Mammal      Summ           Unusable   N/A       N/A         1
 Call Imp                 Summ           Unusable   N/A       N/A         2
 Call Canine Familiar     Summ           Unusable   N/A       N/A         3
 Summon Guardian Golem    Hex/Summ       Unusable   N/A       N/A         3
 Summon Ice Beast         Ice/Summ       Unusable   N/A       N/A         4

Dungeon Overview and Level Annotations

Branches:
Dungeon (11/15)            Temple (1/1) D:4            Lair (3/5) D:11
  Swamp (1/4) Lair:2        Snake (0/4) Lair:3          Orc (0/2) D:11
  IceCv (visited)

Altars:
Ashenzari
Cheibriados
Dithmenos
Elyvilon
Fedhas
Gozag
Hepliaklqana
Kikubaaqudgha
Makhleb
Nemelex Xobeh
Okawaru
Qazlal
Ru
Sif Muna
Trog
Uskayaw
Vehumet
Wu Jian
Xom
Yredelemnul
Zin
The Shining One

Shops:
D:1 [

Annotations:
Lair:2 2 transporters, Kotami's ghost, journeyman OpFi


Innate Abilities, Weirdness & Mutations

You are a tree.
Your roots penetrate the ground, keeping you stationary.
You cannot be teleported.
You are immune to unholy pain and torment.
Your maximum health is greatly increased.
Your equipment is partially melded.
((You have a pair of horns on your head.))
((You reflexively headbutt those who attack you in melee.))


Message History

You barely miss the tyrant leech.
The tyrant leech is moderately wounded.
You block the tyrant leech's attack.
You hit the tyrant leech.
The tyrant leech is moderately wounded.
You impale the tyrant leech!!
The tyrant leech is severely wounded.
The tyrant leech bites you!!
The tyrant leech draws strength from your injuries!
You hit the tyrant leech.
The tyrant leech is heavily wounded.
You puncture the tyrant leech! Your headbutt misses the tyrant leech.
The tyrant leech is severely wounded.
The tyrant leech bites you!!!
The tyrant leech draws strength from your injuries!
You completely miss the tyrant leech. You headbutt the tyrant leech!
The tyrant leech is moderately wounded.
You feel like a meek peon again.
You hit the tyrant leech. You headbutt the tyrant leech!
The tyrant leech is severely wounded.
The tyrant leech bites you!!!
* * * LOW HITPOINT WARNING * * *
The tyrant leech draws strength from your injuries!
You hit the tyrant leech but do no damage.
Your headbutt misses the tyrant leech.
The tyrant leech is moderately wounded.
You hit the tyrant leech.
The tyrant leech is heavily wounded.
The tyrant leech bites you!
* * * LOW HITPOINT WARNING * * *
The tyrant leech draws strength from your injuries!
You hit the tyrant leech.
The tyrant leech is heavily wounded.
Really quaff the potion of lignification?
You turn into a tree.
Your +0 pair of boots melds into your body.
Your +2 leather armour of resistance melds into your body.
You feel hot and cold all over.
Your roots penetrate the ground.
The tyrant leech bites you!!
You die...

♣♣♣.~~~~...~~~.~♣♣
.....♣♣♣♣♣♣♣♣~~..~♣
.~~~. ♣~.♣♣.~♣♣
♣.~~.♣♣♣♣♣ ♣....~~.♣
~~~~..♣~~♣♣♣§~~§~~.♣
.~~~>~~~~~~~.~~~~~.~♣
♣..~.§~§~~~...~...♣♣♣
♣~....~).~~.~..~.~♣
♣~..~~w♣~.~♣♣♣♣♣♣♣♣
♣~~~~.♣♣♣♣♣♣ ~♣~~.
~~~. #.# .


You could see a tyrant leech (strong).

Vanquished Creatures
  3 hydras
  A boulder beetle (D:7)
  2 two-headed ogres
  An alligator (Swamp:1)
  Sonja (D:10)
  A spriggan druid (Swamp:1)
  Pikel (D:6)
  A bog body (Lair:2)
  A deep elf pyromancer (D:7)
  2 oklob plants
  An ugly thing (D:7)
  A cyclops (D:7)
  A necromancer (IceCv)
  3 elephants (Lair:3)
  An ice statue (IceCv)
  Joseph (D:7)
  2 black mambas
  A torpor snail (Lair:3)
  7 cane toads
  2 unseen horror zombies (D:9)
  4 komodo dragons
  4 rime drakes
  4 freezing wraiths
  2 anaconda simulacra (IceCv)
  15 ice devils (IceCv)
  4 blink frogs
  3 polar bears
  A troll (D:7)
  2 hornets (D:9)
  3 shadows
  A wraith (D:10)
  3 dire elephant simulacra (IceCv)
  53 yaks
  4 wyverns
  Grum (Lair:1)
  2 basilisks
  6 death yak simulacra (IceCv)
  Eustachio (D:6)
  5 vampire mosquitoes
  A steam dragon (D:7)
  An acid dragon (D:10)
  3 nagas (Lair:3)
  6 water moccasins
  A swamp drake (Swamp:1)
  3 sky beasts (D:7)
  A black bear (D:6)
  6 wolves
  3 centaurs
  2 ogres
  3 phantoms
  2 kobold brigands
  4 bullfrogs
  A gnoll sergeant (D:11)
  4 cane toad simulacra (IceCv)
  2 necrophages (D:9)
  3 scorpions
  2 two-headed ogre simulacra (IceCv)
  3 wights (D:9)
  3 elephant simulacra (IceCv)
  22 killer bees
  A troll zombie (D:11)
  2 howler monkeys (D:7)
  A centaur zombie (D:9)
  A jelly (D:6)
  A human zombie (D:9)
  8 orc priests
  8 hounds
  A gnoll bouda (D:8)
  2 iguanas (D:6)
  10 orc wizards
  4 polar bear simulacra (IceCv)
  2 troll simulacra (IceCv)
  3 wolf simulacra (IceCv)
  7 ogre zombies (D:11)
  Robin (D:2)
  3 howler monkey zombies (D:9)
  2 naga simulacra (IceCv)
  9 gnolls
  7 adders
  2 shadow imps
  2 white imps
  3 worms
  30 orcs
  7 bats
  8 endoplasms
  4 giant cockroaches
  13 goblins
  7 hobgoblins
  15 kobolds
  6 quokkas
  3 ball pythons
  2 frilled lizards
  3 goblin skeletons (D:11)
  5 goblin zombies (D:11)
  A hobgoblin zombie (D:11)
  6 orc skeletons (D:11)
  10 orc zombies (D:11)
  5 rats (D:1)
  A bush (Lair:1)
434 creatures vanquished.

Vanquished Creatures (others)
  6 fungi
  21 plants
27 creatures vanquished.

Grand Total: 461 creatures vanquished

Notes
Turn   | Place    | Note
-------+----------+-------------------------------------------
     0 | D:1      | Mohgwyn the Minotaur Fighter began the quest for the Orb.
     0 | D:1      | Reached XP level 1. HP: 19/19 MP: 0/0
   120 | D:1      | Reached XP level 2. HP: 27/27 MP: 1/1
   271 | D:1      | Found Sodghoc's Antique Armour Emporium.
   284 | D:1      | Reached skill level 3 in Polearms
   380 | D:1      | Reached XP level 3. HP: 24/33 MP: 2/2
  1014 | D:2      | Noticed Robin
  1015 | D:2      | Reached skill level 4 in Polearms
  1038 | D:2      | Reached XP level 4. HP: 25/40 MP: 3/3
  1047 | D:2      | Killed Robin
  1241 | D:2      | You fall into a shaft and drop 1 floor!
  1492 | D:3      | Reached skill level 5 in Polearms
  1522 | D:3      | Reached XP level 5. HP: 46/46 MP: 4/4
  1940 | D:3      | Found a faded altar of an unknown god.
  2259 | D:4      | Reached skill level 6 in Polearms
  2406 | D:4      | Reached XP level 6. HP: 52/52 MP: 5/5
  2544 | D:4      | Reached skill level 7 in Polearms
  2958 | D:4      | Identified the amulet "Necoxzyi" {rN++ Regen+ Str-5 Int+3
                  | Dex+4}
  3014 | D:4      | Found a staircase to the Ecumenical Temple.
  3119 | D:4      | Reached skill level 8 in Polearms
  3259 | D:5      | Entered Level 5 of the Dungeon
  3260 | D:5      | Found a hazy altar of Hepliaklqana.
  3261 | D:5      | Found a burning altar of Makhleb.
  3261 | D:5      | Found a hide-covered altar of Uskayaw.
  3524 | Temple   | Entered the Ecumenical Temple
  3701 | Temple   | Became a worshipper of Warmaster Okawaru
  3869 | D:5      | Reached XP level 7. HP: 57/59 MP: 6/6
  3899 | D:5      | Reached skill level 9 in Polearms
  4465 | D:6      | Noticed Pikel
  4497 | D:6      | Killed Pikel
  4497 | D:6      | Reached * piety under Okawaru
  4498 | D:6      | Reached skill level 11 in Polearms
  4498 | D:6      | Reached XP level 8. HP: 28/66 MP: 7/7
  4775 | D:6      | Reached skill level 12 in Polearms
  4920 | D:6      | Noticed Eustachio
  4952 | D:6      | Killed Eustachio
  4953 | D:6      | Reached skill level 5 in Fighting
  4953 | D:6      | Reached skill level 5 in Armour
  5761 | D:7      | Reached XP level 9. HP: 73/75 MP: 5/8
  5772 | D:7      | Reached ** piety under Okawaru
  6219 | D:7      | Reached skill level 13 in Polearms
  6244 | D:7      | Noticed a purple ugly thing
  6245 | D:7      | Noticed a cyclops
  6248 | D:7      | Noticed a troll
  6253 | D:7      | Noticed a boulder beetle
  6257 | D:7      | Killed a troll
  6664 | D:7      | Identified the ring "Hocov" {Will- MP-9 Int+7 SInv}
  6699 | D:7      | Noticed Joseph
  6730 | D:7      | Killed Joseph
  6730 | D:7      | Reached *** piety under Okawaru
  7186 | D:7      | Noticed a deep elf pyromancer
  7197 | D:7      | Killed a deep elf pyromancer
  7198 | D:7      | Reached XP level 10. HP: 53/90 MP: 6/9
  7800 | D:7      | Killed a purple ugly thing
  7812 | D:7      | Reached skill level 14 in Polearms
  8008 | D:7      | Noticed a seven-headed hydra
  8020 | D:7      | Killed a seven-headed hydra
  8020 | D:7      | Reached **** piety under Okawaru
  8069 | D:7      | Killed a cyclops
  8132 | D:7      | Killed a boulder beetle
  8173 | D:7      | Reached skill level 10 in Fighting
  8230 | D:7      | Reached skill level 10 in Armour
  8609 | D:9      | Found a snail-covered altar of Cheibriados.
  8631 | D:9      | Found a shimmering blue altar of Sif Muna.
  8636 | D:9      | Paralysed by a hornet for 2 turns
  8704 | D:9      | Reached XP level 11. HP: 100/101 MP: 10/10
  8780 | D:9      | Paralysed by a hornet for 3 turns
  8871 | D:9      | Found an ancient bone altar of Kikubaaqudgha.
  8889 | D:9      | Reached skill level 15 in Polearms
  9249 | D:10     | Entered Level 10 of the Dungeon
  9249 | D:10     | Noticed a two-headed ogre
  9259 | D:9      | Killed a two-headed ogre
  9479 | D:10     | Identified the ring "Lufyhegg" {rPois rC+ rCorr Int+6}
  9571 | D:10     | Noticed a two-headed ogre
  9600 | D:10     | Killed a two-headed ogre
  9901 | D:10     | Found a basalt altar of Yredelemnul.
  9956 | D:10     | Noticed Sonja
  9963 | D:10     | Killed Sonja
 10199 | D:11     | Noticed an oklob plant
 10332 | D:11     | Found a staircase to the Lair.
 10445 | D:11     | Identified the +10 dagger of Eluimesa {freeze, rElec Dex+5}
 10632 | D:11     | Found a staircase to the Orcish Mines.
 10895 | D:11     | Killed an oklob plant
 10896 | D:11     | Reached skill level 16 in Polearms
 11037 | Lair:1   | Entered Level 1 of the Lair of Beasts
 11061 | Lair:1   | Noticed a five-headed hydra
 11066 | Lair:1   | Killed a five-headed hydra
 11184 | Lair:1   | Noticed Grum
 11200 | Lair:1   | Killed Grum
 11226 | Lair:1   | Noticed an oklob plant
 11233 | Lair:1   | Killed an oklob plant
 11233 | Lair:1   | Reached ***** piety under Okawaru
 11234 | Lair:1   | Reached XP level 12. HP: 113/113 MP: 11/11
 11511 | Lair:1   | Found a frozen archway.
 11643 | IceCv    | Entered an ice cave
 11830 | IceCv    | Identified the +1 dagger of Cowardice {vorpal, rN++}
                  | (Okawaru gifted it to you in an ice cave)
 11830 | IceCv    | Received a gift from Okawaru
 12092 | IceCv    | Found an ancient bone altar of Kikubaaqudgha.
 12156 | IceCv    | Reached skill level 17 in Polearms
 13325 | Lair:2   | Reached XP level 13. HP: 83/124 MP: 12/12
 13353 | Lair:2   | Found a staircase to the Swamp.
 13485 | Lair:2   | Found a transporter.
 13485 | Lair:2   | Noticed Kotami's ghost (journeyman OpFi)
 13745 | Lair:2   | Found a transporter.
 14242 | Lair:2   | Reached skill level 18 in Polearms
 14460 | Lair:2   | Reached skill level 15 in Fighting
 14460 | Lair:2   | Reached skill level 15 in Armour
 15110 | Lair:3   | Found a staircase to the Snake Pit.
 15205 | Swamp:1  | Entered Level 1 of the Swamp
 15287 | Swamp:1  | HP: 3/127 [tyrant leech (14)]
 15289 | Swamp:1  | Demolished by a tyrant leech

Illustrated notes

Levels and vault maps discovered:
D:1:      nagdon_arrival_double_spiral, layout_rooms, serial_shops, shop
D:2:      layout_basic, uniq_robin
D:3:      layout_loops_ring, dreamdust_ecumenical_altar_grove,
          hangedman_decor_riveting, minmay_liquid_box, kennysheep_pointless_box,
          minmay_misc_feat_ornament, nicolae_eternal_life
D:4:      layout_basic, minmay_temple_entry_enclosed_plants
D:5:      layout_cave_pools, grunt_temple_overflow_open
D:6:      layout_rooms, uniq_pikel, uniq_eustachio
D:7:      layout_basic, small_statue_intersection, minmay_the_grid_2x2
          [minmay_the_grid_dragon_a, minmay_the_grid_zigzag_pyramid,
          minmay_the_grid_expand, minmay_the_grid_prize_inner_circle],
          uniq_joseph
D:8:      layout_basic, serial_shops, shop_statue, hangedman_decor_opposing
D:9:      layout_rooms, lemuel_round_altar, nicolae_sif_muna_condensation,
          lemuel_mausoleum_altar_kikubaaqudgha
D:10:     layout_long_grid, old_standard_altar, chequers_decorated_corner,
          minmay_strange_pillars, uniq_sonja
D:11:     layout_rooms, dpeg_oklobed_lair, zombieorc2_lemuel
Temple:   nicolae_temple_bog_church
Lair:1:   layout_cave_pods, portal_ice_cave_rime, grunt_megastairs_1,
          serial_bayou_shore_a, uniq_grum
Lair:2:   layout_loops_ring, skrybe_swamp_entry_bodies, gammafunk_ghost_arena
Lair:3:   layout_hall_layers, minmay_snake_entry_guardpost_small, ice2_lemuel
Swamp:1:  layout_basic_swamp, hangedman_swamp_ruin_hall, st_swamp_ruins_4

Skill      XL: |  1  2  3  4  5  6  7  8  9 10 11 12 13 |
---------------+----------------------------------------+-----
Fighting       | 4 5 8 10 12 14 15 | 15.6
Armour         | 4 5 8 10 12 14 15 | 15.5
Shields        | 4 |  4.0
Polearms       | 3 4 5 6 8 11 12 13 14 16 17 18 | 18.6

Action                   |  1- 3 |  4- 6 |  7- 9 | 10-12 | 13-15 || total
-------------------------+-------+-------+-------+-------+-------++-------
Melee: Trident           |   106 |   145 |   297 |   816 |   374 ||  1738
       Headbutt          |    16 |    18 |    47 |   195 |    98 ||   374
Throw: Javelin           |       |       |     1 |    37 |     4 ||    42
       Dart              |       |       |       |     2 |       ||     2
Invok: Heroism           |       |       |    16 |    64 |    19 ||    99
       Finesse           |       |       |       |     5 |     9 ||    14
Evoke: Wand              |       |       |     1 |    37 |       ||    38
  Use: Scroll            |       |       |     4 |    14 |     1 ||    19
       Potion            |       |       |       |     5 |     3 ||     8
 Stab: Confused          |       |       |       |       |     2 ||     2
Armor: Scale mail        |    48 |    40 |    65 |       |       ||   153
       Plate armour      |       |       |       |   281 |       ||   281
       Leather armour    |       |       |       |    24 |    55 ||    79
       Skin              |       |       |       |       |    13 ||    13
Dodge: Dodged            |    27 |    42 |   108 |   231 |   100 ||   508
Block: Buckler           |    15 |    28 |    53 |   135 |    56 ||   287
